 Dungeon Crawl Stone Soup version 0.31-a0-844-gdc52ec4e09 (webtiles) character file.

Game seed: 1839236281858417316

51 Ethylacetat the Insei (level 3, -3/25 HPs)
             Began as an Octopode Gladiator on Sept 30, 2023.
             Slain by an orc
             ... wielding a +0 war axe
              (8 damage)
             ... on level 3 of the Dungeon.
             The game lasted 00:01:20 (1153 turns).

Ethylacetat the Insei (Octopode Gladiator)          Turns: 1153, Time: 00:01:21

Health: -3/25      AC:  1    Str: 13    XL:     3   Next: 83%
Magic:  3/3        EV: 14    Int: 10    God:
Gold:   49         SH:  0    Dex: 15    Spells: 2/2 levels left

rFire   . .          .
                       - Unarmed
rCold   . . .        (no shield)
rNeg    . . .        a - +0 hat
rPois   .            (no amulet)
rElec   .            (no ring)
rCorr   .            (no ring)
SInv    .            (no ring)
Will    .....        (no ring)
Stlth   ++           (no ring)
HPRegen 0.24/turn    (no ring)
MPRegen 0.08/turn    (no ring)
                     (no ring)

%: no passive effects
@: lethally poisoned (-3 -> -6)
A: almost no armour, amphibious, 8 rings, camouflage 1, gelatinous body 1,
(nimble swimmer 1), tentacles
a: no special abilities


You were on level 3 of the Dungeon.
You visited 1 branch of the dungeon, and saw 3 of its levels.

You collected 49 gold pieces.

Inventory:

Missiles
 b - 3 throwing nets (quivered)
 c - a javelin
Armour
 a - a +0 hat (worn)
Talismans
 l - a flux talisman
Wands
 o - a wand of iceblast (10)
Scrolls
 d - a scroll of immolation {unknown}
 e - a scroll of poison {unknown}
 f - a scroll of teleportation {unknown}
 h - a scroll of blinking {unknown}
 i - a scroll of enchant weapon {unknown}
 j - 2 scrolls of identify {unknown}
 k - a scroll of amnesia {unknown}
 m - a scroll of brand weapon {unknown}
 p - a scroll of revelation {unknown}
Potions
 g - a potion of curing {unknown}
 n - a potion of enlightenment {unknown}


   Skills:
 + Level 2.8 Fighting
 - Level 2.0 Throwing
 + Level 3.5 Dodging
 + Level 3.5 Unarmed Combat
 * Level 0.3 Shapeshifting


You had 2 spell levels left.
You didn't know any spells.
Your spell library contained the following spells:

 Spells                   Type           Power      Damage    Failure   Level
 Volatile Blastmotes      Fire/Tloc      0%         2d10      75%         3
 Fulminant Prism          Conj/Hex       0%         3d5       98%         4
 Iskenderun's Mystic Bla  Conj/Tloc      0%         2d3       98%         4


Dungeon Overview and Level Annotations

Branches:
Dungeon (3/15)

Altars:


Innate Abilities, Weirdness & Mutations

You cannot wear most types of armour.
You are amphibious.
You can wear up to eight rings at the same time.
Your skin changes colour to match your surroundings (Stealth+).
Your rubbery body absorbs attacks. (AC +1, EV +1)
((You are camouflaged when in or above water. (Stealth+)))
You have tentacles for arms and can constrict up to eight enemies at once.


Message History

An orc comes into view. It is wielding a +0 falchion.
An adder comes into view.
There are monsters nearby!
An orc comes into view. It is wielding a +0 hand axe.
An orc comes into view. It is wielding a +0 mace.
An orc comes into view. It is wielding a +0 war axe.
There are monsters nearby!
The adder hisses angrily.
The orc throws a boomerang.
The boomerang hits you but does no damage.
You tentacle-slap the orc. Your grab misses the orc. You squeeze the orc.
The orc is severely wounded.
You tentacle-slap the orc.
You kill the orc!
The orc hits you with a +0 hand axe.
You tentacle-slap the orc but do no damage.
You grab the orc. You constrict the orc. The orc closely misses you. x2
You tentacle-slap the orc. You squeeze the orc, but do no damage.
The orc is heavily wounded.
You constrict the orc. The adder closely misses you.
The orc hits you with a +0 dagger.
You tentacle-slap the orc.
The orc is severely wounded.
You constrict the orc, but do no damage.
The adder misses you.
The orc escapes!
The orc closely misses you. The orc hits you with a +0 mace!
The adder barely misses you.
You tentacle-slap the orc.
You kill the orc!
The orc closely misses you. x3; The adder bites you.
You are poisoned.
The adder poisons you!
You tentacle-slap the adder. You grab the adder.
The adder is heavily wounded.
You constrict the adder.
You feel sick. The adder misses you. The orc completely misses you.
The orc hits you with a +0 war axe.
* * * LOW HITPOINT WARNING * * *
The orc barely misses you.
You release your grip on the adder.
You feel sick. The orc attacks as it pursues you!
The orc hits you with a +0 war axe!
You die...

#.#######.#...
#.#<......#...
#............
##...........#+####
#.................#
#.................#
#....######)......#
#.........ooo.....#
##....#....@S......#
#.............../...
##........<..........
.............(.........
#......................
#......................
#..(...................
#..............###...##
####...........# ...#


You could see an adder and 3 orcs.

Vanquished Creatures
  An adder (D:2)
  A worm (D:2)
  A dart slug (D:2)
  2 orcs (D:3)
  An endoplasm (D:1)
  A giant cockroach (D:1)
  9 goblins
  3 hobgoblins (D:2)
  2 jackals (D:2)
  3 ball pythons
  3 bats
  3 frilled lizards
  3 rats (D:2)
33 creatures vanquished.

Notes
Turn   | Place    | Note
-------+----------+-------------------------------------------
     0 | D:1      | Ethylacetat the Octopode Gladiator began the quest for the
                  | Orb.
     0 | D:1      | Reached XP level 1. HP: 14/14 MP: 1/1
   145 | D:1      | Reached XP level 2. HP: 19/19 MP: 2/2
   268 | D:1      | You fall into a shaft and drop 1 floor!
   310 | D:2      | Reached XP level 3. HP: 17/25 MP: 3/3
  1153 | D:3      | Slain by an orc

Illustrated notes

Levels and vault maps discovered:
D:1:      orjb1_clovarrival, layout_basic
D:2:      layout_loops_cross, dk_noncrumbling_3, corexii_leaking_fountain,
          kennysheep_path_1, minivault_23, minmay_misc_feat_tower
D:3:      layout_basic

Action                     || total
---------------------------++-------
  Melee: Unarmed           ||    65
         Constrict         ||    21
         Tentacles         ||    15
   Stab: Sleeping          ||     5
 Armour: Skin              ||    36
  Dodge: Dodged            ||    43

Table legend: (Time is in decaauts)
 A = Elapsed time spent in this place.
 B = Non-inter-level travel time spent in this place.
 C = Inter-level travel time spent in this place.
 D = Time resting spent in this place.
 E = Time spent auto-exploring this place.
 F = Levels seen in this place.
 G = Mean time per level.
                   A        B        C        D        E       F      G
               +--------+--------+--------+--------+--------+-----+--------+
         Total |   1147 |   1105 |     42 |      0 |    898 |   3 |  382.3 |
       Dungeon |   1147 |   1105 |     42 |      0 |    898 |   3 |  382.3 |
               +--------+--------+--------+--------+--------+-----+--------+

Top non-repeatable levels by time:
     D:2: 854 daAuts
     D:1: 266 daAuts
     D:3: 27 daAuts
